AoeStats
← Thorshammerpådinmor

Arabia

510360549Analyzed
1v1 RM · 20h ago on Sep 30, 2026· 18m 40s· 2 players
Game mode
Random Map
Map size
Tiny (2 player)
Population
200
Speed
Normal
Resources
Standard
Victory
Conquest
Starting age
Dark Age
Ending age
Imperial Age
RankedLock teamsTeams togetherTeam positionsShared explorationLock speedFull tech treeHidden civsTurbo modeCheats
Victory
Defeat
🇩🇰 Turks · Denmark
879
+17
🇹🇷 Vietnamese · Türkiye
906
-17
Serefikan
1:34 Loom
5:12 Loom
11:37 Feudal Age
12:19 Double-Bit Axe
12:17 Horse Collar
Thorshammerpådinmor
3:21 Loom
10:38 Feudal Age
18:34 Castle Age
16:54 Double-Bit Axe
17:21 Horse Collar
Connection lost

Rejoining the realm…

Still unreachable

The connection could not be restored.

Session expired

The server has moved on; the page needs a fresh start.